 Dungeon Crawl Stone Soup version 0.17-a0-1497-g03599f7 (webtiles) character file.

86 Chiseanne the Skirmisher (level 4, -7/35 HPs)
             Began as a Demonspawn Wanderer on July 6, 2015.
             Mangled by Grinder (8 damage)
             ... on level 3 of the Dungeon.
             The game lasted 00:07:27 (2766 turns).

Chiseanne the Skirmisher (Demonspawn Wanderer)      Turns: 2766, Time: 00:07:27

Health: -7/35      AC:  9    Str: 21    XL:     4   Next: 26%
Magic:  6/6        EV: 10    Int: 11    God:
Gold:   139        SH:  0    Dex: 12    Spells: 0 memorised, 5 levels left

rFire  + . .     SeeInvis .     j - +0 short sword
rCold  + . .     Clarity  .     l - +1 scale mail
rNeg   . . .     SustAt   .     (no shield)
rPois  +         Gourm    .     (no helmet)
rElec  +         Spirit   .     (no cloak)
rCorr  +         Warding  .     (no gloves)
rMut   .         Stasis   .     (no boots)
MR     .....                    (no amulet)
Stlth  ..........               (no ring)
                                (no ring)

@: mighty, resistant, flying, not resistant to hostile enchantments, extremely
unstealthy
A: slimy green scales 1
a: no special abilities


You were on level 3 of the Dungeon.
You were not hungry.

You visited 1 branch of the dungeon, and saw 3 of its levels.

You collected 139 gold pieces.

Inventory:

Hand weapons
 j - a +0 short sword (weapon)
 w - a +0 blowgun
Missiles
 m - 34 arrows
 o - 28 poisoned needles
 s - 2 javelins (quivered)
 u - 17 steel bolts
Armour
 l - a +1 scale mail (worn)
 t - a +1 leather armour of poison resistance
Jewellery
 f - an uncursed ring of wizardry {unknown}
 v - a cursed -4 ring of strength {unknown}
Magical devices
 d - a wand of random effects (40)
Scrolls
 a - 2 scrolls of fear
Potions
 i - a potion of mutation {unknown}
 k - a potion of resistance
 p - a potion of poison {unknown}
 q - a potion of brilliance {unknown}
 r - a potion of curing {unknown}
Books
 c - Kikubaaqudgha's Reference Book on Dark Secrets

   Spells                             Type                      Level
   a - Animate Skeleton               Necromancy                   1
   b - Vampiric Draining              Necromancy                   3
Comestibles
 g - 2 bread rations
 n - 2 chunks of flesh


   Skills:
 * Level 3.4 Fighting
 * Level 1.1 Armour
 + Level 2.3 Dodging
   Level 1.0 Shields
 - Level 1.0 Unarmed Combat
 + Level 1.3 Spellcasting
   Level 1.7 Charms
   Level 1.0 Transmutations
 - Level 1.0 Evocations


You had 5 spell levels left.
You didn't know any spells.

Dungeon Overview and Level Annotations

Branches:
Dungeon (3/15)

Altars:
Vehumet

Annotations:
D:3 Grinder


Innate Abilities, Weirdness & Mutations

You are partially covered in slimy green scales (AC +2).


Message History

The giant cockroach bites you but does no damage.
Drink which item? (? for menu, Esc to quit)
It was a potion of might.
You feel very mighty all of a sudden. Grinder hits you.
You writhe in agony.
The giant cockroach closely misses you.
You puncture Grinder!
Grinder is moderately wounded.
Grinder hits you.
You writhe in agony.
* * * LOW HITPOINT WARNING * * *
The giant cockroach misses you. Grinder hits you.
* * * LOW HITPOINT WARNING * * *
You writhe in agony.
* * * LOW HITPOINT WARNING * * *
Drink which item? (? for menu, Esc to quit)
It was a potion of flight.
You feel very buoyant.
You fly up into the air.
The giant cockroach bites you but does no damage.
Grinder hits you!
You die...

# . #
.#########
#
.........#
#
..g......#
#
......s@.#
#
......5).#
#
.........#
#
.........#
#
.......(.#
#
.........#
#
##########
# #


You could see Grinder, a giant cockroach and a goblin.

Vanquished Creatures
  An adder (D:2)
  2 oozes (D:2)
  2 worms (D:2)
  2 giant geckos (D:2)
  2 ball pythons (D:2)
  5 giant cockroaches
  10 goblins
  8 hobgoblins
  2 jackals (D:1)
  7 bats
  5 giant newts
  8 kobolds
  4 rats
58 creatures vanquished.

Notes
Turn   | Place    | Note
--------------------------------------------------------------
     0 | D:1      | Chiseanne the Demonspawn Wanderer began the quest for the Orb.
     0 | D:1      | Chiseanne set off with: a scroll of fear, a potion of heal wounds, Kikubaaqudgha's Reference Book on Dark Secrets, a wand of random effects (15), a +0 robe, a +0 club, a bread ration
     0 | D:1      | Reached XP level 1. HP: 16/16 MP: 1/1
     1 | D:1      | Identified Kikubaaqudgha's Reference Book on Dark Secrets
   289 | D:1      | Gained mutation: You are partially covered in slimy green scales (AC +2). [demonic ancestry]
   289 | D:1      | Reached XP level 2. HP: 8/22 MP: 1/3
  1242 | D:2      | Found a radiant altar of Vehumet.
  1249 | D:2      | Reached skill level 1 in Spellcasting
  1517 | D:2      | Reached XP level 3. HP: 25/28 MP: 4/4
  1838 | D:2      | Reached skill level 3 in Fighting
  2045 | D:2      | Reached skill level 1 in Armour
  2374 | D:2      | Reached XP level 4. HP: 35/35 MP: 6/6
  2747 | D:3      | Noticed Grinder
  2765 | D:3      | HP: 1/35 [Grinder (1)]
  2766 | D:3      | Mangled by Grinder

Vault maps used:
D:1:      minmay_arrival_doors
D:2:      overflow_temple_1_default, minmay_circled_x
D:3:      uniq_terence, uniq_sigmund, uniq_grinder

Action                   |  1- 3 |  4- 6 || total
-------------------------+-------+-------++-------
Melee: Short sword       |   225 |    50 ||   275
       Club              |     9 |       ||     9
Throw: Javelin           |     3 |     3 ||     6
Evoke: Wand              |     3 |     1 ||     4
  Use: Scroll            |     3 |     2 ||     5
       Potion            |       |     4 ||     4
 Stab: Paralysed         |     4 |       ||     4
  Eat: Chunk             |     4 |     2 ||     6
